Map: Abyssal Reef LE

Players

NSX

  • Race: Protoss Protoss
  • League: Gold
  • Spawn Location: 5:00

Glide - Winner!

  • Race: Zerg Zerg
  • League: Diamond
  • Spawn Location: 11:00

VOD

Have the link to the VOD?

Description

Build i took from spawning tool, f it up completely and still won.

Time

  • Played on: Jan. 9, 2018, 2:23 a.m.
  • Length: 4:57
Show
View Real Time Build Order
Export as new Build Order

NSX Protoss 

Build Orders:  

Get SALT Encoding   

  12  0:03  Probe  
  13  0:20  Pylon  
  13  0:26  Probe (Chrono Boost)  
  14  0:38  Probe (Chrono Boost)  
  15  0:43  Probe (Chrono Boost)  
  16  0:50  Gateway  
  16  0:53  Probe  
  17  0:57  Assimilator  
  17  1:01  Assimilator  
  17  1:07  Probe  
  18  1:19  Probe  
  18  1:20  Pylon  
  19  1:31  Probe (Chrono Boost)  
  20  1:44  Probe (Chrono Boost)  
  21  1:50  Probe (Chrono Boost)  
  22  1:55  Cybernetics Core  
  22  1:58  Gateway  
  22  2:02  Pylon  
  22  2:12  Zealot (Chrono Boost)  
  24  2:29  Probe  
  25  2:31  Pylon  
  25  2:36  Adept (Chrono Boost)  
  25  2:41  Probe  
  28  2:48  Stalker (Chrono Boost)  
  30  3:00  Pylon  
  30  3:14  Shield Battery  
  30  3:19  Stalker  
  32  3:36  Adept (Chrono Boost)  
  34  3:46  Stargate  
  32  3:58  Stalker (Chrono Boost)  
  17  4:42  Pylon  
Show
View Real Time Build Order
Export as new Build Order

Glide Zerg - Winner!

Build Orders: Pool Only 

Get SALT Encoding   

  12  0:01  Drone  
  13  0:08  Drone  
  14  0:14  Extractor  
  13  0:22  Overlord  
  13  0:37  Spawning Pool  
  13  0:41  Drone  
  13  0:59  Drone  
  13  1:00  Drone x2  
  16  1:26  Roach Warren  
  16  1:27  Queen  
  17  1:34  Drone  
  18  1:43  Drone x2  
  20  1:52  Overlord  
  20  1:59  Drone  
  21  2:14  Roach  
  23  2:18  Roach  
  25  2:32  Roach  
  27  2:41  Roach  
  27  2:43  Overlord  
  29  2:46  Ravager  
  30  3:01  Ravager x2  
  32  3:08  Overlord  
  32  3:10  Roach  
  32  3:11  Roach x2  
  38  3:25  Overlord x2  
  38  3:29  Roach  
  40  3:58  Roach  
  40  3:59  Roach x3  
  48  4:19  Roach  
  50  4:28  Roach  
  51  4:53  Ravager  
Tags
 
Add a new tag
Caveats
  • Supply blocks, unpowered buildings, or Contaminate may cause inaccurate times.
  • Supply counts are checked every 10 seconds.